[Event "4NCL 2022-2023"]
[Site "Daventry"]
[Date "2023.03.19"]
[Round "8.15"]
[White "Ghasi, Ameet K"]
[Black "Camacho Collados, Jose"]
[Result "1-0"]
[ECO "A07"]
[WhiteElo "2471"]
[BlackElo "2406"]
[Annotator "TA"]
[PlyCount "99"]
[EventDate "2022.10.20"]
[EventType "team-tourn"]
[EventCountry "ENG"]
[SourceTitle "playchess.com"]
[Source "ChessBase"]
[SourceQuality "1"]
[TimeControl "40/6000+30:2400+30"]

1. Nf3 Nf6 2. g3 d5 3. Bg2 e6 4. O-O Be7 5. d3 b6 6. Nc3 {[%emt 0:02:59] A07: Réti Opening: New York and Capablanca Systems.} Bb7 7. Nd2 c5 8. e4 {[%emt 0:00:18] Black has an edge.} Nc6 9. f4 dxe4 {[%emt 0:08:52] [#]} 10. dxe4 $146 ({Predecessor:} 10. Ndxe4 O-O {½-½ Lornye,P (2264)-Olhovik,A (2299) Benidorm op U2300 16th 2017 (9)}) 10... h5 11. h3 (11. e5 $5 Nd5 12. Nc4 Nxc3 13. bxc3 $14) 11... Qd4+ 12. Rf2 O-O-O 13. e5 Ne8 14. Qf1 f6 (14... Nc7 $11 {is more appropriate.}) 15. Nc4 $36 {[%emt 0:08:09][%mdl 2048] Threatens to win with Nb5. White has some pressure.} Qd7 16. a4 {[%emt 0:01:32] a5 would be deadly. White is much more active. The black rooks are badly placed.} (16. Be3 $5 ) 16... Na5 (16... Nd4 $1 $14) 17. Nxa5 $16 bxa5 18. Qb5 (18. Bd2 $142) 18... Bxg2 19. Rxg2 h4 20. Be3 {[%emt 0:04:52] Against Qd4} (20. Qa6+ {is interesting.} Kb8 21. Be3 Nc7 22. Qxa5 Qc6 23. Nb5) 20... hxg3 21. Rxg3 (21. Bxc5 $2 {is the wrong capture.} Qxb5 22. axb5 Bxc5+ $19) (21. Qa6+ {with more complications.} Qb7 22. Qxe6+ Qd7 23. Qxd7+ Rxd7 24. e6) 21... fxe5 ({Better is} 21... Qb7 $1 $14) 22. fxe5 Qxb5 (22... Qb7 $16) 23. axb5 $18 ({Not} 23. Nxb5 Rh5 $11) 23... Rh5 {[%emt 0:00:19] Black is weak on the light squares} 24. Rxa5 Kb7 {[%emt 0:00:01] [#]} 25. b4 $1 Rxe5 {[%emt 0:01:51] [#]} 26. Na4 $1 Rd1+ {[%emt 0:03:13] [#]} 27. Kg2 $1 Bd8 28. Nxc5+ Rxc5 29. Bxc5 Bxa5 (29... Rd2+ $142 30. Kf1 Bxa5) 30. bxa5 {[%emt 0:00:01][%mdl 4096] Endgame KRB-KRN} Rd2+ 31. Bf2 Rxc2 32. a6+ Kc7 33. Rg5 Kd6 $2 (33... Rb2 34. Kg3 Rb3+ 35. Kh4 Kb8) 34. Kf3 Rc3+ 35. Ke2 Rc2+ 36. Ke1 Rc1+ 37. Kd2 Rh1 38. Bxa7 Rh2+ 39. Kc3 {[%emt 0:01:34] Threatening mate with Bb8+.} Rxh3+ 40. Kb4 {[%emt 0:00:27] And now Bb8+ would win.} Rh1 41. Ka5 (41. Bb8+ $142 Kd7 42. Be5 Rb1+ 43. Ka5) 41... Kd7 42. Bb8 Kc8 43. Be5 {[%emt 0:00:00] White mates.} Rd1 44. b6 Rd5+ 45. Kb4 Nd6 {[%emt 0:05:38] [#]} 46. Bxd6 $1 {[%emt 0:00:00][%mdl 64] Deflection} Rxd6 47. Rc5+ ({Less strong is} 47. Rxg7 Rxb6+ 48. Ka5 Rb1 $18) 47... Kb8 48. Kb5 Rd8 49. a7+ Ka8 50. Ka6 {[%emt 0:00:00] Artfully played by Ghasi.   Weighted Error Value: White=0.10 (very precise) /Black=0.34} 1-0

[Event "4NCL 2022-2023"]
[Site "Daventry"]
[Date "2023.03.19"]
[Round "8.16"]
[White "Navrotescu, Andreea"]
[Black "Foisor, Mihaela-Veronica"]
[Result "1/2-1/2"]
[ECO "D35"]
[WhiteElo "2258"]
[BlackElo "2195"]
[Annotator "TA"]
[PlyCount "171"]
[EventDate "2022.10.20"]
[EventType "team-tourn"]
[EventCountry "ENG"]
[SourceTitle "playchess.com"]
[Source "ChessBase"]
[SourceQuality "1"]
[TimeControl "40/6000+30:2400+30"]

1. d4 d5 2. c4 e6 3. Nc3 Nf6 4. cxd5 exd5 5. Bg5 Be7 6. e3 c6 7. Bd3 O-O 8. h3 {[%emt 0:00:06] D35: Queen's Gambit Declined: Exchange Variation.} Re8 9. Bf4 c5 10. Nf3 {[%emt 0:00:29] White is slightly better.} c4 11. Bc2 {[%emt 0:00:48] [#]} Nc6 $146 ({Predecessor:} 11... a6 12. O-O b5 13. a3 Bb7 14. Ne5 Nbd7 15. Qf3 Nf8 16. g4 Bd6 17. Qg2 Ng6 18. Bxg6 hxg6 {½-½ Mista,A (2561)-Radulski,J (2572) SRB-chT Central 2011 (10.6)}) 12. O-O a6 13. Ne5 Bd6 14. Nxc6 bxc6 15. Bxd6 Qxd6 16. b3 (16. Na4 $14) 16... cxb3 $11 17. axb3 c5 (17... Bxh3 $1 $11 18. gxh3 Rxe3 19. fxe3 (19. Bxh7+ Nxh7 20. fxe3 Qg3+ 21. Kh1 Qxh3+ 22. Kg1 Qxe3+ 23. Kg2 Qxc3 $15) 19... Qg3+ 20. Kh1 Qxh3+ 21. Kg1 Qg3+ 22. Kh1 Qh3+ 23. Kg1 Qg3+ 24. Kh1 Qh3+) 18. dxc5 Qxc5 19. Ne2 Bd7 20. Qd2 Bb5 21. Rfc1 Qb6 22. Qd4 Rab8 23. Qxb6 Rxb6 24. Nd4 g6 25. Nxb5 axb5 26. b4 Rc8 (26... d4 $11 {remains equal.}) 27. Bd3 $16 Rxc1+ 28. Rxc1 {[%emt 0:00:02][%mdl 4096] Endgame KRB-KRN} Nd7 {[%emt 0:03:43] Prevents Rc5.} 29. Rc8+ Kg7 30. Rd8 Rb7 31. Kf1 {[%emt 0:00:34] White is more active.} Kf6 32. Ke2 Ke7 33. Ra8 Nb8 {[%emt 0:00:15] [#]} 34. Kd2 $1 Nc6 {[%emt 0:00:57] Prevents Ra5.} 35. Rh8 (35. Kc3 $16) 35... Nxb4 $11 {[%emt 0:02:37] The position is equal.} 36. Bb1 Kf6 37. Rxh7 Ra7 38. Kc3 Nc6 39. Rh8 b4+ 40. Kb2 d4 41. exd4 Nxd4 42. Rb8 b3 43. Rb4 Ke5 44. f4+ Kd5 $1 45. Kc3 Rc7+ 46. Kd2 Ra7 47. Kd3 Ne6 {[%emt 0:00:00] [#] ...Ra1 is the strong threat.} 48. Kc3 Nc5 49. f5 gxf5 50. Bxf5 Ra2 51. Rg4 Rf2 52. Bb1 b2 53. Rg5+ Kd6 54. h4 Ne6 55. Rg8 Nf4 56. g4 Rh2 57. h5 Nd5+ 58. Kb3 Nf6 59. Rg7 Ke5 60. g5 Rxh5 61. gxf6 Kxf6 {[%emt 0:00:02] KRB-KR} 62. Rg1 Rb5+ 63. Kc3 Ke6 64. Ba2+ Kd6 65. Bb3 f5 66. Kxb2 Rc5 67. Bc2 Ke5 68. Re1+ Kf4 69. Rf1+ Kg4 70. Kc1 Rd5 71. Bd1+ Kg3 72. Rf3+ Kg2 {[%emt 0:00:29][%cal Od5d1] Hoping for ...Rxd1+!} 73. Rc3 {[%emt 0:00:03] Strongly threatening Bf3+.} Kf2 74. Bf3 Rd4 75. Bb7 f4 76. Kc2 Ke2 77. Ba6+ Kf2 78. Bd3 Ke3 79. Bf5+ Ke2 80. Bg4+ Ke1 81. Rf3 Ra4 82. Be6 Ke2 83. Rd3 f3 84. Rd2+ Ke3 85. Bd5 Rd4 86. Rxd4 {[%emt 0:00:00] Weighted Error Value: White=0.06 (flawless) /Black=0.06 (flawless)} 1/2-1/2

[Event "4NCL 2022-2023"]
[Site "Daventry"]
[Date "2023.03.19"]
[Round "8.17"]
[White "Gallana, Marco"]
[Black "Erdos, Viktor"]
[Result "1/2-1/2"]
[ECO "D27"]
[WhiteElo "2257"]
[BlackElo "2587"]
[Annotator "TA"]
[PlyCount "137"]
[EventDate "2022.10.20"]
[EventType "team-tourn"]
[EventCountry "ENG"]
[SourceTitle "playchess.com"]
[Source "ChessBase"]
[SourceQuality "1"]
[TimeControl "40/6000+30:2400+30"]

1. d4 d5 2. c4 dxc4 3. Nf3 Nf6 4. e3 e6 5. Bxc4 a6 6. O-O Nbd7 7. Re1 b5 8. Bd3 c5 9. a4 {[%emt 0:13:06] D27: Queen's Gambit Accepted: Classical main line: 7 e4!? and 7 a4.} bxa4 10. e4 {[%emt 0:39:01] [#]} Be7 $146 ({Predecessor:} 10... cxd4 11. e5 Nd5 12. Rxa4 Bc5 13. Nbd2 N5b6 14. Ra1 Bb7 15. Ne4 Be7 16. Bg5 O-O 17. Bxe7 Qxe7 18. Bb1 Rfd8 19. Qxd4 Rab8 {½-½ Bacrot,E (2700)-Nisipeanu,L (2684) FRA-chT Top 16 GpA 2008 (5)}) 11. d5 {[%emt 0:06:03] White is slightly better.} exd5 12. exd5 O-O 13. d6 (13. Rxa4 Nb6 $11) 13... Bxd6 14. Bxh7+ $1 {[%emt 0:00:07][%mdl 64] Discovered Attack} Nxh7 15. Qxd6 Bb7 16. Qg3 Bxf3 17. Qxf3 Re8 18. Rxe8+ Qxe8 19. Be3 Rb8 20. Nc3 Rxb2 21. Nxa4 Rb8 22. Qc6 Nhf6 23. h3 Qe4 24. Qxe4 Nxe4 25. f3 (25. Rd1 $5 Rb4 26. Rxd7 Rxa4 27. Re7 $11) 25... Rb3 $1 26. Rd1 Rxe3 27. Rxd7 $15 {[%emt 0:00:23][%mdl 4096] Endgame KRN-KRN} Ra3 28. Nb6 Ng3 29. Rc7 Ne2+ 30. Kf1 (30. Kh2 $11) 30... Nf4 $1 $17 31. Nd7 Ne6 (31... a5 $17 {...a4 would be deadly.} 32. Nxc5 (32. Rxc5 $2 Ra1+ 33. Kf2 Nd3+ 34. Ke3 Nxc5 $19) 32... Ra1+ 33. Kf2 Ra2+ 34. Kf1 (34. Kg3 $2 g5 $19) 34... Nxg2) 32. Rc8+ $11 Kh7 33. h4 (33. Nf8+ $1 $11 {feels stronger.} Nxf8 34. Rxf8) 33... Ra2 ({Black should try} 33... a5 $17 {aiming for ...a4.} 34. Rc6 (34. Nxc5 $2 {is the wrong capture.} Rc3 $19) 34... Ra1+ 35. Kf2 a4) 34. g4 Rd2 35. Ne5 (35. Nxc5 $2 {perishes.} Rc2 36. Rb8 Nxc5 $19) 35... f6 36. Nf7 Rd7 37. Re8 $1 Rxf7 38. Rxe6 $15 {[%emt 0:00:06] KR-KR} Ra7 39. Rc6 $2 {[%emt 0:00:38] [#]} (39. Re4 $1 $15) 39... a5 $1 $19 40. Rxc5 a4 41. Rc2 a3 42. Ra2 Kg6 43. Kf2 {[%emt 0:00:21] [#]} Ra4 (43... f5 $1 $19 {has better winning chances. And now ...fxg4 would win.} 44. Ke3 Kf6) 44. Kg3 $17 Kf7 {[%emt 0:00:00] Hoping for ...Ke6.} 45. h5 Ke6 46. f4 $1 Kd5 47. g5 $1 fxg5 48. fxg5 {[%emt 0:00:00] The position is equal.} Kc4 49. h6 gxh6 50. gxh6 Kb3 51. h7 Ra8 52. Rf2 ({Not} 52. Rh2 $2 a2 53. Rh1 Rh8 $19) 52... a2 53. Rf1 Rh8 (53... a1=B 54. Rxa1 Re8 55. Rh1 $18) 54. Rf3+ Kb4 (54... Kb2 $5 55. Rf2+ $8 Kb1 56. Rf1+ Kc2 57. Rf2+ Kd3 58. Rxa2 Rxh7 $11) 55. Rf4+ Kc3 (55... Ka3 $5 56. Rf3+ $8 Ka4 57. Rf4+ Kb5 58. Rf5+ Kc4 $11) 56. Rf3+ $1 Kb4 (56... Kb2 $5 57. Rf2+ $8 Kb1 58. Rf1+ Kc2 59. Rf2+ Kd3 60. Rxa2 Rxh7 $11) 57. Rf4+ Kb5 (57... Ka3 $5 58. Rf3+ $8 Kb2 59. Rf2+ Kb1 60. Rf1+ Kc2 61. Rf2+ Kd3 62. Rxa2 Rxh7 $11) 58. Rf5+ Kb6 (58... Kb4 $5 59. Rf4+ $8 $11) 59. Rf6+ Kb7 60. Rf7+ Kb8 (60... Kb6 $5 61. Rf6+ $8 Kc5 $11) 61. Rf1 Rxh7 62. Ra1 $1 Ra7 63. Kf3 Kc7 {[%emt 0:00:00] ( -> ...Kb6)} 64. Ke3 Kc6 {[%emt 0:00:00] White must now prevent ...Kc5.} 65. Kd3 $1 Kc5 {[%emt 0:00:00] Strongly threatening ...Kb4.} 66. Kc3 Ra3+ 67. Kb2 Kb4 68. Rxa2 Rxa2+ 69. Kxa2 {[%emt 0:15:40] Whites escaped into a draw.   Weighted Error Value: White=0.13 (very precise) /Black=0.14 (very precise)} 1/2-1/2

[Event "4NCL 2022-2023"]
[Site "Daventry"]
[Date "2023.03.19"]
[Round "8.18"]
[White "Parligras, Mircea-Emilian"]
[Black "Skulte, Christopher"]
[Result "1-0"]
[ECO "D25"]
[WhiteElo "2570"]
[BlackElo "2086"]
[Annotator "TA"]
[PlyCount "47"]
[EventDate "2022.10.20"]
[EventType "team-tourn"]
[EventCountry "ENG"]
[SourceTitle "playchess.com"]
[Source "ChessBase"]
[SourceQuality "1"]
[TimeControl "40/6000+30:2400+30"]

1. d4 d5 2. c4 dxc4 3. Nf3 Nf6 4. e3 Be6 5. Nc3 c6 6. Ng5 {[%emt 0:07:01] Strongly threatening Nxe6. D25: Queen's Gambit Accepted: 4 e3: sidelines and 4...Bg4.} Bd5 7. e4 h6 $1 8. exd5 {[%emt 0:00:05][%cal Og5f7] aiming for Nxf7! White is better.} hxg5 9. dxc6 (9. Bxg5 cxd5 10. Bxf6 gxf6 11. Qa4+ Nc6 12. Bxc4 dxc4 $15) 9... Nxc6 10. d5 (10. Bxc4 e6 $11) (10. Bxg5 e6 $11) 10... Na5 ({Better is} 10... Ne5 $14) 11. Qa4+ $18 (11. Bxg5 a6 $16) 11... Nd7 12. Bxg5 {[%emt 0:00:23][%cal Ob2b4] [#]} (12. Bxc4 Rh4 13. f4 (13. Bxg5 $2 Rxc4 14. Qc2 b5 $19) (13. b3 $2 a6 $17) 13... Nxc4 14. Qxc4 Qb6 $15) 12... Qb6 $146 (12... g6 $142 13. d6 (13. Bxc4 Nxc4 14. Qxc4 Rc8 $16) 13... f6) ({Predecessor:} 12... a6 13. b4 cxb3 14. axb3 b6 15. b4 Qc7 16. Rc1 Nc4 17. Qc6 Rc8 18. Bxc4 Qe5+ {1-0 Rau,H (2466)-Haag,U (2134) Staufer op 22nd 2010 (8)}) 13. Bxc4 (13. b4 $142) 13... Qxb2 {[%emt 0:02:45] [#]} (13... Nxc4 {is a better defense.} 14. Qxc4 e5) 14. O-O $1 {[%emt 0:00:42][%cal Oc4b5] Bb5! would be deadly.} Qxc3 15. Bb5 Qc7 {[%emt 0:00:24] [#]} (15... Rd8 $2 16. Rac1 $18) (15... Qc8 $142 16. Qxa5 a6) 16. d6 $1 {[%emt 0:13:59][%mdl 512] Active counter play!} Qxd6 {[%emt 0:13:47][%csl Gh8][%cal Rd6h2] [#]} 17. Bf4 {[%emt 0:00:26] A strong pair of Bishops.} (17. Bxd7+ Qxd7 18. Qxa5 b6 $11) 17... Rh4 $2 (17... e5 $2 18. Rfd1 O-O-O 19. Rxd6 Bxd6 20. Bd2 $18) (17... a6 18. Bxd6 axb5) 18. Rad1 (18. Qxa5 $2 {loses.} Rxf4 19. Rad1 Rd4 20. Rxd4 Qxd4 $19) 18... Rxf4 19. Bxd7+ Kd8 20. Qxa5+ Qb6 21. Ba4+ {[%emt 0:04:47] White mates.} Kc8 22. Rc1+ Kb8 {[%emt 0:00:19] [#]} 23. Bd7 $1 Qxa5 (23... Qxf2+ 24. Rxf2) 24. Rc8# {[%emt 0:00:05] A superb game by Parligras.   Weighted Error Value: White=0.14 (very precise) /Black=0.85} 1-0

[Event "4NCL 2022-2023"]
[Site "Daventry"]
[Date "2023.03.19"]
[Round "8.19"]
[White "Kelmendi, Bajrush"]
[Black "Lupulescu, Constantin"]
[Result "1/2-1/2"]
[ECO "B20"]
[WhiteElo "1942"]
[BlackElo "2592"]
[Annotator "TA"]
[PlyCount "96"]
[EventDate "2022.10.20"]
[EventType "team-tourn"]
[EventCountry "ENG"]
[SourceTitle "playchess.com"]
[Source "ChessBase"]
[SourceQuality "1"]
[TimeControl "40/6000+30:2400+30"]

1. e4 c5 2. c4 Nc6 3. Nc3 g6 4. d3 Bg7 5. Be2 d6 6. g4 {[%emt 0:00:00] B20: Sicilian: Unusual White 2nd moves.} (6. Bg5 $11 {keeps the balance.}) 6... Nd4 $17 7. h4 {[%emt 0:00:00] [#]} Nxe2 $146 ({Predecessor:} 7... h5 8. g5 e6 9. f4 Ne7 10. Nf3 Nec6 11. Be3 b6 12. Qd2 Rb8 13. a4 a6 {0-1 Kelmendi,B (1951)-Cheparinov,I (2667) EU-Cup Online Gr-D rapid 2021 (8.4)}) 8. Qxe2 {[%emt 0:00:00] Black is slightly better.} Nf6 9. f3 h5 10. g5 Nd7 11. Nh3 Ne5 12. Nf2 Rb8 13. a4 a6 14. O-O Nc6 15. Be3 Nd4 16. Bxd4 Bxd4 17. Kg2 Bd7 18. Qd2 b5 19. cxb5 axb5 20. a5 O-O 21. Ne2 Bg7 {[%emt 0:00:16] This pair of bishops is nice.} 22. d4 b4 23. Rfc1 Bb5 24. dxc5 {[%emt 0:00:00] This move loses the game for White.} (24. e5 $17 {keeps fighting.}) 24... dxc5 $19 25. Rd1 Qxd2 26. Rxd2 Rfd8 27. Rad1 Rxd2 28. Rxd2 Ra8 29. Nc1 Rxa5 30. Nb3 (30. Rd8+ $142 Kh7 31. Nfd3) 30... Ra2 31. Nxc5 Rxb2 (31... Bxb2 $2 32. Nfd3 $18) 32. Rd5 Bc3 {[%emt 0:02:37] [#] White must now prevent ...Be1.} 33. Rd1 {[%emt 0:00:00] Dodges Be1} Kg7 34. Kg3 Be2 {[%emt 0:03:14] Inhibits Nfd3.} 35. Rd7 (35. Rc1 $142) 35... Be1 36. Rxe7 Bc4 37. Nd7 Rxf2 38. Nf6 Rd2+ 39. Kf4 Rd8 40. Rb7 b3 41. e5 Bd2+ 42. Kg3 Bc3 43. f4 b2 44. Kf3 Ba2 45. e6 Bxe6 {[%emt 0:00:06] [#] ( -> ...Bf5)} ({Don't play} 45... b1=R 46. Rxf7+ Kh8 47. Rh7#) 46. f5 Bxf5 {[%emt 0:00:22] Black mates.} 47. Ne4 Rd3+ 48. Kf4 Rd4 {[%emt 0:00:13][%mdl 32768] Weighted Error Value: White=0.83/Black=0.09 (flawless) . An unexpected result.} 1/2-1/2

[Event "4NCL 2022-2023"]
[Site "Daventry"]
[Date "2023.03.19"]
[Round "8.20"]
[White "Turner, Matthew J"]
[Black "Healey, Michael W"]
[Result "1-0"]
[ECO "E33"]
[WhiteElo "2441"]
[BlackElo "2124"]
[Annotator "TA"]
[PlyCount "55"]
[EventDate "2022.10.20"]
[EventType "team-tourn"]
[EventCountry "ENG"]
[SourceTitle "playchess.com"]
[Source "ChessBase"]
[SourceQuality "1"]
[TimeControl "40/6000+30:2400+30"]

1. d4 Nf6 2. c4 Nc6 3. Nf3 e6 4. Nc3 Bb4 5. Qc2 Qe7 6. Bd2 {[%emt 0:02:59] E33: Nimzo-Indian: Classical: 4...Nc6.} O-O 7. a3 Bxc3 8. Bxc3 {[%emt 0:00:05] White has an edge.} a5 9. e4 d6 10. e5 Nd7 11. Bd3 h6 (11... dxe5 $14 12. Nxe5 (12. Bxh7+ Kh8 $14) 12... Ncxe5 13. dxe5 (13. Bxh7+ Kh8 $15) 13... Qh4) 12. Qe2 {[%emt 0:03:36] White is more active.} (12. O-O $16) 12... dxe5 $11 13. dxe5 Nc5 14. Bc2 a4 {[%emt 0:01:58] [#]} 15. g4 $146 ({Predecessor:} 15. h4 b6 16. Rh3 Rd8 17. Rg3 Ba6 18. Qe3 Kf8 19. Qf4 Qd7 20. Qg4 g6 21. Bxg6 {1-0 Edouard,R (2627)-Tregubov,P (2571) Calvi Balagne rapid KO 12th 2015 (10.4)}) 15... Bd7 (15... b6 $14) 16. Rg1 $40 {[%emt 0:02:52][%mdl 128] White goes for the king.} Be8 {[%emt 0:13:18] [#]} (16... Rfd8 $16) 17. O-O-O $1 $18 Rd8 (17... Na5 $16 {keeps fighting.} 18. Kb1 Nab3) 18. h4 Rxd1+ 19. Rxd1 ({Resist} 19. Qxd1 $6 Nb8 $14) 19... g6 (19... Nb8 {was necessary.} 20. g5 h5) 20. h5 Kg7 {[%emt 0:02:21] [#]} 21. g5 $1 Rh8 (21... hxg5 22. h6+) 22. Bd2 Nb3+ (22... Kg8 $142 23. gxh6 Qf8) 23. Bxb3 axb3 24. gxh6+ Kf8 25. hxg6 fxg6 26. Qe3 Kg8 27. Qxb3 b5 (27... b6 $142 28. Ng5 Nd4) 28. cxb5 {[%emt 0:01:35] Weighted Error Value: White=0.13 (very precise) /Black=0.39} 1-0

[Event "4NCL 2022-2023"]
[Site "Daventry"]
[Date "2023.03.19"]
[Round "8.21"]
[White "Franco, Gaston"]
[Black "Cyborowski, Lukasz"]
[Result "0-1"]
[ECO "B33"]
[WhiteElo "2028"]
[BlackElo "2498"]
[Annotator "TA"]
[PlyCount "82"]
[EventDate "2022.10.20"]
[EventType "team-tourn"]
[EventCountry "ENG"]
[SourceTitle "playchess.com"]
[Source "ChessBase"]
[SourceQuality "1"]
[TimeControl "40/6000+30:2400+30"]

1. e4 c5 2. Nf3 Nc6 3. d4 cxd4 4. Nxd4 Qb6 5. Nb3 Nf6 6. Nc3 e6 7. Bd3 a6 8. O-O Qc7 9. Bg5 {[%emt 0:06:45] [#] B33: Sicilian: Pelikan and Sveshnikov Variations.} h6 $146 ({Predecessor:} 9... Be7 10. f4 d6 11. Qe2 b5 12. a4 b4 13. Nd1 O-O 14. a5 Qa7+ 15. Kh1 Nd4 16. Nxd4 Qxd4 {1-0 Dukaczewski,P (2319)-Wassin,S (2295) IBCA Wch blind 12th 2010 (4.2)}) 10. Bd2 b5 11. Qe2 {[%emt 0:08:16] The position is equal.} b4 12. Na4 Ne5 13. Bf4 Bd6 14. Bg3 h5 15. h3 h4 16. Bxe5 Bxe5 17. Qe3 {[%emt 0:00:08] [#] f4 would be deadly.} Bf4 18. Qc5 (18. Qf3 $5 ) 18... Qxc5 19. Nbxc5 Bc7 {[%emt 0:00:14] Against Nb6} (19... d6 $5 20. Nb3 Rb8 $11) 20. a3 a5 21. axb4 axb4 22. c3 Rb8 23. cxb4 $1 Rxb4 24. Rfc1 Bf4 25. Rc4 Rb8 {[%emt 0:02:19] Hoping for ...d6.} 26. Nc3 O-O (26... d6 $5 27. Na6 Bxa6 28. Rxa6 Be5 $11) 27. b4 {[%emt 0:00:27] White is on the road to losing.} (27. Be2 $11) 27... Be5 $36 {[%emt 0:01:18][%mdl 2048] Strongly threatening ...d5. Keeping White busy.} 28. Rb1 {[%emt 0:00:14] [#]} (28. Rc1 $17 {is a better defense.}) 28... d5 $1 $19 29. exd5 exd5 30. f4 $2 (30. Nxd5 {was the only chance.} Nxd5 31. Rxh4) 30... dxc4 31. fxe5 Nd7 32. Bxc4 (32. Nxd7 Bxd7 33. Be4) 32... Nxc5 (32... Nxe5 $2 {perishes.} 33. Ba2 $19) 33. bxc5 Rxb1+ 34. Nxb1 {[%emt 0:00:03][%mdl 4096] Endgame KRB-KBN} Re8 35. Nc3 Rxe5 36. Nd5 (36. Bd5 $142) 36... Be6 37. Ne7+ Kf8 38. Bxe6 Kxe7 39. Bg4 Rxc5 40. Bf3 Kf6 (40... Ke6 $142 41. Kf2 Ke5 42. Bh5 Rc2+ 43. Kg1 g6 44. Bf3 f5 45. Kh2 Kf4 46. Kg1 Kg3 47. Kf1 Rf2+ 48. Kg1 Rxf3 49. gxf3 Kxf3 50. Kf1 f4 51. Ke1 Ke3 52. Kf1 f3 53. Kg1 g5 54. Kf1 f2 55. Kg2 Ke2 56. Kh1 f1=Q+ 57. Kh2 g4 58. hxg4 Kf3 59. g5 Qg2#) 41. Kf2 Ke5 {[%emt 0:00:00] Weighted Error Value: White=0.61/Black=0.18 (very precise)} 0-1

[Event "4NCL 2022-2023"]
[Site "Daventry"]
[Date "2023.03.19"]
[Round "8.22"]
[White "Csonka, Balazs"]
[Black "Pedersen, Carsten"]
[Result "1-0"]
[ECO "C02"]
[WhiteElo "2494"]
[BlackElo "2088"]
[Annotator "TA"]
[PlyCount "65"]
[EventDate "2022.10.20"]
[EventType "team-tourn"]
[EventCountry "ENG"]
[SourceTitle "playchess.com"]
[Source "ChessBase"]
[SourceQuality "1"]
[TimeControl "40/6000+30:2400+30"]

1. e4 e6 2. d4 d5 3. e5 c5 4. c3 Nc6 5. Nf3 Qb6 6. a3 Nh6 7. Bd3 $1 {[%emt 0:00:29][%mdl 4] is now more promising than 7.b4.} cxd4 {[%emt 0:06:02] C02: French: Advance Variation.} 8. O-O Bd7 9. b4 Rc8 {[%emt 0:07:49] The position is equal.} 10. Bb2 {[%emt 0:00:31][%cal Rc3d4] [#]} a6 $146 (10... dxc3 $11 11. Nxc3 Nd4) ({Predecessor:} 10... dxc3 11. Nxc3 Be7 12. Nb5 O-O 13. Nbd4 a5 14. b5 Nxd4 15. Bxd4 Bc5 16. a4 Bxd4 17. Nxd4 {1-0 Asadli,V (2579)-Anand,V (2751) Gashimov Memorial Rapid 7th 2021 (7.1)}) 11. cxd4 $14 Nf5 12. Bxf5 exf5 13. Nc3 Be6 14. Na4 Qd8 15. Rc1 h6 16. Qd2 Be7 17. Nc5 Qb6 18. Rc3 (18. Bc3 $5) 18... O-O 19. Rfc1 Rc7 20. h4 (20. Ne1 $14) 20... Rfc8 21. Qd3 Nd8 22. Qd2 {[%emt 0:12:02] [#] Strongly threatening Na4.} Rc6 {[%emt 0:01:25] Black is weak on the dark squares} 23. h5 Qb5 24. Rb3 R6c7 25. a4 Qe8 26. b5 axb5 27. axb5 Bxc5 28. dxc5 Rxc5 29. Rxc5 Rxc5 30. Nd4 Qd7 $2 (30... Rc8 $11 {and Black has nothing to worry.}) 31. Ba3 (31. Rg3 $142 Kf8 32. Ba3) 31... Rc4 $18 32. Rg3 {[%emt 0:00:18][%cal Od2h6][%mdl 1024] [#] White threatens Qxh6! and mate. White has strong compensation.} Kh7 (32... f4 33. Qxf4 Rxd4 {[%mdl 64] Remove Defender} 34. Qxd4 Qxb5) 33. Bf8 {[%emt 0:00:11] Weighted Error Value: White=0.19 (very precise) /Black=0.39} 1-0